AoeStats
← ska_18

Arena

508014578Analyzed
3v3 RM · 11d ago on Sep 20, 2026· 61m 24s· 6 players
Game mode
Random Map
Map size
Normal (6 player)
Population
200
Speed
Normal
Resources
Standard
Victory
Conquest
Starting age
Dark Age
Ending age
Imperial Age
RankedLock teamsTeams togetherTeam positionsShared explorationLock speedFull tech treeHidden civsTurbo modeCheats
Victory
Defeat
🇹🇷 Mongols · Türkiye
1094
+10
🇺🇸 Hindustanis · United States
1002
+14
🇹🇷 Turks · Türkiye
878
+19
🇺🇦 Franks · Ukraine
967
-15
🇦🇹 Bohemians · Austria
962
-15
🇦🇹 Saracens · Austria
931
-13
centurion19
0:46 Loom
11:04 Feudal Age
16:28 Castle Age
14:53 Stone Mining
15:30 Double-Bit Axe
22:43 Murder Holes
27:23 Forging
27:07 Fletching
28:12 Gold Mining
30:03 Forging
31:28 Ballistics
32:40 Masonry
32:39 Scale Mail Armor
35:29 Iron Casting
35:30 Fervor
35:19 Bodkin Arrow
39:14 Caravan
40:02 Chain Mail Armor
44:59 Imperial Age
44:17 Wheelbarrow
43:27 Town Watch
44:29 Fortified Wall
45:54 Bow Saw
45:15 Elite Throwing Axeman
46:52 Conscription
46:53 #83
47:49 Squires
47:35 Arson
49:53 Blast Furnace
49:29 Plate Mail Armor
49:08 Husbandry
49:48 Cavalier
50:50 Paladin
51:33 Chivalry
52:34 Scale Barding Armor
56:28 Chain Barding Armor
57:28 Chemistry
58:00 Plate Barding Armor
58:55 Padded Archer Armor
59:27 Architecture
ska_18
11:16 Feudal Age
16:15 Castle Age
14:01 Loom
14:31 Double-Bit Axe
15:02 Horse Collar
18:32 Wheelbarrow
18:11 Bow Saw
18:41 Town Watch
20:08 Forging
23:17 Scale Barding Armor
24:48 Sanctity
25:40 Hand Cart
29:00 Iron Casting
28:15 Fletching
29:11 Gold Mining
29:12 Stone Mining
29:23 Heavy Plow
29:15 Fletching
30:27 Chain Barding Armor
30:56 Gold Shaft Mining
33:59 Imperial Age
32:26 Bodkin Arrow
32:44 Bimaristan
32:43 Treadmill Crane
32:59 Murder Holes
33:16 Masonry
33:33 Fervor
34:13 Coinage
34:16 Bloodlines
34:07 Husbandry
33:27 Light Cavalry
34:11 Town Patrol
35:40 Ballistics
37:08 Chemistry
36:14 Siege Engineers
36:30 Conscription
36:48 Fortified Wall
37:33 Plate Barding Armor
37:59 Blast Furnace
38:41 Two-Man Saw
37:48 Elite Mameluke
39:29 Hoardings
43:30 Guard Tower
43:25 Arrowslits
46:00 Scale Mail Armor
46:00 Bracer
45:22 Pikeman
45:48 Gambesons
46:03 Squires
45:49 Arson
47:17 Chain Mail Armor
47:05 Caravan
47:35 Banking
47:12 Hussar
50:11 Plate Mail Armor
Biskrem
10:43 Feudal Age
15:04 Castle Age
13:24 Double-Bit Axe
13:37 Horse Collar
19:49 Chemistry
20:11 Bow Saw
28:07 Heavy Plow
31:50 Imperial Age
34:09 Siege Engineers
36:48 Conscription
43:27 Scale Mail Armor
43:37 Forging
44:08 Pikeman
44:48 Squires
44:33 Arson
45:53 Squires
46:07 Halberdier
47:51 Chain Mail Armor
48:44 Iron Casting
51:07 Plate Mail Armor
Oguzhan06
12:27 Feudal Age
11:28 Loom
14:51 Double-Bit Axe
14:49 Horse Collar
17:59 Stone Mining
20:11 Castle Age
20:27 Fletching
20:43 Padded Archer Armor
20:45 Gold Mining
22:42 Town Watch
23:34 Wheelbarrow
22:47 Town Watch
28:08 Gold Shaft Mining
31:18 Imperial Age
29:37 Bow Saw
31:28 Heavy Plow
42:04 Elite Janissary
44:59 Artillery
46:46 Leather Archer Armor
46:27 Bodkin Arrow
46:56 Hand Cart
46:41 Town Patrol
47:05 Caravan
47:38 Conscription
49:34 Bracer
50:04 Ring Archer Armor
52:31 Two-Man Saw
56:16 Scale Barding Armor
56:11 Scale Mail Armor
58:17 Husbandry
58:28 Bloodlines
61:10 Chain Barding Armor
61:05 Chain Mail Armor
Sonhero1
2:36 Loom
11:00 Feudal Age
12:03 Double-Bit Axe
17:01 Castle Age
15:32 Gold Mining
16:14 Horse Collar
17:36 Wheelbarrow
18:20 Bow Saw
19:11 Stone Mining
22:38 Town Watch
23:05 Pikeman
24:58 Hand Cart
26:29 Gold Shaft Mining
28:25 Heavy Plow
31:46 Imperial Age
32:16 Husbandry
32:26 Bloodlines
32:50 Scale Mail Armor
33:00 Forging
32:55 Scale Barding Armor
33:38 Town Patrol
33:55 Chain Mail Armor
34:46 Two-Man Saw
34:47 Thumb Ring
35:32 Chain Barding Armor
35:47 Iron Casting
36:18 Chemistry
35:38 Ballistics
35:29 Squires
36:52 Conscription
36:33 Grand Trunk Road
36:33 Shatagni
37:09 Hoardings
36:41 Caravan
36:36 Heavy Camel Rider
39:18 Stone Shaft Mining
39:26 Plate Barding Armor
39:51 Blast Furnace
40:27 Imperial Camel Rider
42:23 Elite Skirmisher
42:56 Fletching
43:06 Padded Archer Armor
44:07 Bodkin Arrow
43:52 Light Cavalry
45:45 Bracer
46:00 Leather Archer Armor
KoşanKablumbağa
11:23 Feudal Age
13:06 Double-Bit Axe
15:23 Castle Age
13:34 Horse Collar
16:09 Wheelbarrow
16:58 Bow Saw
18:13 Loom
25:18 Pikeman
28:48 Hand Cart
28:18 Town Watch
28:44 Gold Mining
28:48 Stone Mining
30:03 Gold Shaft Mining
29:34 Heavy Plow
32:24 Imperial Age
31:30 Bloodlines
31:21 Husbandry
32:32 Stone Shaft Mining
32:45 Thumb Ring
32:59 Fletching
33:09 Padded Archer Armor
33:34 Ballistics
34:32 Chemistry
33:18 Elite Mangudai
34:48 Bodkin Arrow
35:08 Leather Archer Armor
35:22 Parthian Tactics
35:47 Bracer
36:15 Siege Engineers
39:08 Conscription
39:28 Forging
39:24 Scale Barding Armor
41:54 Iron Casting
41:39 Chain Barding Armor
41:59 Hoardings
40:54 Sappers
40:57 Elite Skirmisher
42:10 Conscription
42:26 Hoardings
45:51 Blast Furnace
45:42 Scale Mail Armor
47:57 Caravan
52:21 Light Cavalry
53:48 Fortified Wall
61:09 Chain Mail Armor
61:07 Masonry
Connection lost

Rejoining the realm…

Still unreachable

The connection could not be restored.

Session expired

The server has moved on; the page needs a fresh start.